 Dungeon Crawl Stone Soup version 0.27-a0-1525-g1038ab4fd7 (webtiles) character file.

Game seed: 15930433863663934661

119 Sin92 the Skirmisher (level 4, -8/35 HPs)
             Began as a Demonspawn Fighter on July 10, 2021.
             Killed by divine providence
             ... invoked by an orc priest
              (13 damage)
             ... on level 3 of the Dungeon.
             The game lasted 00:03:47 (2021 turns).

Sin92 the Skirmisher (Demonspawn Fighter)           Turns: 2021, Time: 00:03:48

Health: -8/35      AC:  7    Str: 18      XL:     4   Next: 73%
Magic:  4/4        EV:  7    Int:  8 (9)  God:
Gold:   111        SH:  9    Dex: 11 (12) Spells: 3/3 levels left

rFire    . . .     SeeInvis .   a - +0 war axe
rCold    . . .     Faith    .   c - +0 kite shield
rNeg     . . .     Spirit   .   b - +0 scale mail
rPois    .         Reflect  .   (no helmet)
rElec    .         Harm     .   (no cloak)
rCorr    .         Rampage  .   l - +0 pair of gloves
Will     .....                  (no boots)
Stlth    ..........             (no amulet)
HPRegen  0.11/turn              (no ring)
MPRegen  0.09/turn              (no ring)

@: no status effects
A: foul stench 1, spiny 1
a: no special abilities


You were on level 3 of the Dungeon.
You visited 1 branch of the dungeon, and saw 3 of its levels.

You collected 111 gold pieces.

Inventory:

Hand Weapons
 a - a +0 war axe (weapon)
Armour
 b - a +0 scale mail (worn)
 c - a +0 kite shield (worn)
 l - a +0 pair of gloves (worn)
Jewellery
 g - an amulet of faith
Scrolls
 e - a scroll of summoning {unknown}
 h - a scroll of vulnerability {unknown}
 i - a scroll of acquirement {unknown}
 j - 2 scrolls of teleportation {unknown}
 k - a scroll of identify {unknown}
 m - a scroll of amnesia {unknown}
Potions
 d - 2 potions of might
 f - 2 potions of curing


   Skills:
 + Level 3.5 Fighting
 * Level 3.0 Axes
 + Level 3.1 Armour
 + Level 1.3 Dodging
 + Level 3.2 Shields


You had 3 spell levels left.
You didn't know any spells.
Your spell library was empty.

Dungeon Overview and Level Annotations

Branches:
Dungeon (3/15)

Altars:
Fedhas


Innate Abilities, Weirdness & Mutations

You may rarely emit foul miasma when damaged in melee.
You are partially covered in sharp spines.


Message History

You kill the orc!
Unknown command.
You closely miss the orc. You block the orc's attack.
The orc closely misses you.
Unknown command.
Unknown command.
You closely miss the orc.
The orc priest calls down the wrath of Beogh upon you.
Beogh smites you! The orc is struck by your spines. The orc barely misses you.
The orc is struck by your spines.
You kill the orc!
You hit the orc.
The orc is heavily wounded.
The orc is struck by your spines.
You kill the orc!
Your Axes skill increases to level 3!
Unknown command.
The orc priest calls down the wrath of Beogh upon you.
Pain shoots through your body!
Items here: )))) [[.
Unknown command.
You are too injured to fight recklessly!
Unknown command.
You are too injured to fight recklessly!
Unknown command.
You are too injured to fight recklessly!
You closely miss the orc priest.
The orc priest hits you with a +0 hand axe.
You block the orc priest's attack.
You closely miss the orc priest.
The orc priest is struck by your spines.
The orc priest hits you with a +0 hand axe.
* * * LOW HITPOINT WARNING * * *
The orc priest hits you with a +0 hand axe.
* * * LOW HITPOINT WARNING * * *
You hit the orc priest.
The orc priest is moderately wounded.
The orc priest mumbles some strange prayers to Beogh against you.
Beogh smites you!
You die...

##.########
#..........
#..########
#.........#
#.#######.#
#.# #.#
#.#######.#
#..@o.....#
###########


You could see an orc priest.

Vanquished Creatures
  4 gnolls (D:3)
  2 adders
  A worm (D:2)
  4 orcs (D:3)
  3 ball pythons
  4 bats (D:1)
  An endoplasm (D:2)
  2 giant cockroaches
  3 goblins
  4 hobgoblins
  10 jackals
  2 quokkas
  4 frilled lizards
  5 kobolds
  4 rats
53 creatures vanquished.

Notes
Turn   | Place    | Note
-------+----------+-------------------------------------------
     0 | D:1      | Sin92 the Demonspawn Fighter began the quest for the Orb.
     0 | D:1      | Reached XP level 1. HP: 18/18 MP: 1/1
   168 | D:1      | Gained mutation: You may rarely emit foul miasma when
                  | damaged in melee. [demonic ancestry]
   168 | D:1      | Reached XP level 2. HP: 24/24 MP: 2/2
   734 | D:2      | Reached XP level 3. HP: 18/29 MP: 3/3
  1189 | D:2      | Found a blossoming altar of Fedhas.
  1711 | D:2      | Found a faded altar of an unknown god.
  1717 | D:2      | Reached skill level 1 in Dodging
  1848 | D:3      | Gained mutation: You are partially covered in sharp spines.
                  | [demonic ancestry]
  1848 | D:3      | Reached XP level 4. HP: 35/35 MP: 4/4
  2021 | D:3      | Killed from afar by an orc priest

Illustrated notes

Levels and vault maps discovered:
D:1:      sevenhm_arrival_forest_fort_small_3, layout_loops_cross,
          minmay_liquid_box, grunt_decor_one_mirror,
          chequers_serial_rivers_large_a
D:2:      layout_loops_ring, basic_altar, ebering_ecumenical_altar_hall,
          grunt_decor_cap
D:3:      layout_basic, jmf_multi_god_temple,
          hangedman_abyss_or_decor_lesser_grid

Skill      XL: |  1  2  3  4 |
---------------+-------------+-----
Axes           | 2 3 |  3.0
Shields        | 3 |  3.2
Armour         | 3 |  3.1
Dodging        | 1 |  1.3
Fighting       | |  3.5

Action                   |  1- 3 |  4- 6 || total
-------------------------+-------+-------++-------
Melee: War axe           |   136 |    25 ||   161
  Use: Potion            |     2 |       ||     2
Armor: Scale mail        |    81 |     7 ||    88
Dodge: Dodged            |    61 |    10 ||    71
Block: Kite shield       |    93 |     7 ||   100

Table legend: (Time is in decaauts)
 A = Elapsed time spent in this place.
 B = Non-inter-level travel time spent in this place.
 C = Inter-level travel time spent in this place.
 D = Time resting spent in this place.
 E = Time spent auto-exploring this place.
 F = Levels seen in this place.
 G = Mean time per level.
                   A        B        C        D        E       F      G
               +--------+--------+--------+--------+--------+-----+--------+
         Total |   2126 |   2072 |     54 |      0 |   1666 |   3 |  708.7 |
       Dungeon |   2126 |   2072 |     54 |      0 |   1666 |   3 |  708.7 |
               +--------+--------+--------+--------+--------+-----+--------+

Top non-repeatable levels by time:
     D:2: 1159 daAuts
     D:1: 757 daAuts
     D:3: 209 daAuts
